 Dungeon Crawl Stone Soup version 0.28.0-45-g0d030f2227 (webtiles) character file.

Game seed: 816146302271858850

9 MisterFreud the Covert (level 2, 0/29 HPs)
             Began as a Gnoll Delver on Apr 18, 2022.
             Slain by Edmund
             ... wielding a +2 dire flail of holy wrath
              (12 damage)
             ... on level 5 of the Dungeon.
             The game lasted 00:00:28 (72 turns).

MisterFreud the Covert (Gnoll Delver)                 Turns: 72, Time: 00:00:29

Health: 0/29       AC:  3    Str: 11    XL:     2   Next: 16%
Magic:  2/2        EV: 13    Int:  9    God:
Gold:   11         SH:  0    Dex: 13    Spells: 1/1 levels left

rFire   . . .      SeeInvis .   a - +0 short sword
rCold   . . .      Faith    .   (no shield)
rNeg    . . .      Spirit   .   b - +0 leather armour
rPois   .          Reflect  .   (no helmet)
rElec   .          Harm     .   (no cloak)
rCorr   .          Rampage  .   (no gloves)
Will    .....                   (no boots)
Stlth   ++++......              (no amulet)
HPRegen 0.09/turn               (no ring)
MPRegen 0.08/turn               (no ring)

@: no status effects
A: fangs 1, strong nose, distributed training
a: no special abilities


You were on level 5 of the Dungeon.
You visited 1 branch of the dungeon, and saw 1 of its levels.

You collected 11 gold pieces.

Inventory:

Hand Weapons
 a - a +0 short sword (weapon)
Armour
 b - a +0 leather armour (worn)
Wands
 g - a wand of digging (3)
Scrolls
 c - a scroll of fog
 d - a scroll of magic mapping
 e - a scroll of fear
Potions
 f - a potion of haste


   Skills:
 + Level 6.4 Fighting
 + Level 4.4 Short Blades
 + Level 0.3 Long Blades
 + Level 0.3 Axes
 + Level 0.3 Maces & Flails
 + Level 0.3 Polearms
 + Level 0.3 Staves
 + Level 0.3 Slings
 + Level 0.3 Bows
 + Level 0.3 Crossbows
 + Level 0.3 Throwing
 + Level 0.3 Armour
 + Level 4.4 Dodging
 + Level 9.5 Stealth
 + Level 0.3 Shields
 + Level 0.3 Unarmed Combat
 + Level 0.3 Spellcasting
 + Level 0.2 Conjurations
 + Level 0.2 Hexes
 + Level 0.2 Summonings
 + Level 0.2 Necromancy
 + Level 0.2 Translocations
 + Level 0.2 Transmutations
 + Level 0.2 Fire Magic
 + Level 0.2 Ice Magic
 + Level 0.2 Air Magic
 + Level 0.2 Earth Magic
 + Level 0.2 Poison Magic
 + Level 0.4 Invocations
 + Level 0.3 Evocations


You had one spell level left.
You didn't know any spells.
Your spell library was empty.

Dungeon Overview and Level Annotations

Branches:
Dungeon (5/15)
 Temple: D:4-7

Altars:

Annotations:
D:5 Edmund


Innate Abilities, Weirdness & Mutations

You have very sharp teeth.
Your uncanny sense of smell can sniff out nearby items.
Your experience applies equally to all skills.


Message History

Found a ring mail.
Found a book of Necromancy.
A gnoll comes into view. It is wielding a +0 whip.
A gnoll comes into view. It is wielding a +0 club.
Found a small cabochon ring.
Found 14 gold pieces.
You see here a +0 ring mail.
The gnoll closely misses you.
You hit the gnoll.
The gnoll is moderately wounded.
The gnoll barely misses you.
You hit the gnoll. You bite the gnoll, but do no damage.
The gnoll is severely wounded.
The gnoll hits you with a +0 whip.
You hit the gnoll. You bite the gnoll.
You kill the gnoll!
You have reached level 2!
You start resting.
A gnoll comes into view. It is wielding a +0 whip.
Edmund the Younger comes into view.
He is wielding a +2 dire flail of holy wrath.
The helpless Edmund fails to defend himself.
You impale Edmund!!
Edmund is heavily wounded.
Edmund closely misses you.
Unknown command.
Unknown command.
Okay, then.
You hit Edmund but do no damage.
Edmund is heavily wounded.
Edmund misses you.
You hit Edmund but do no damage.
Edmund is heavily wounded.
Edmund hits you with a +2 dire flail of holy wrath.
You barely miss Edmund.
Edmund is heavily wounded.
Edmund hits you with a +2 dire flail of holy wrath!
You hit Edmund but do no damage.
Edmund is heavily wounded.
Edmund hits you with a +2 dire flail of holy wrath!
You die...

... ... #.# #.# #.##
##.####.. .......@# #
# #@#####.#.# #.
#.##... .. ∆ ...
#.##.##.# ##.##
#.......# #...#
####.####
#...###########.#
#...##..........#
#####...##.#.##.##..#
#............##.##.>#


You could see Edmund.

Vanquished Creatures
  A gnoll (D:5)
1 creature vanquished.

Notes
Turn   | Place    | Note
-------+----------+-------------------------------------------
     0 | D:5      | Reached skill level 9 in Stealth
     0 | D:5      | MisterFreud the Gnoll Delver began the quest for the Orb.
     0 | D:5      | Reached XP level 1. HP: 23/23 MP: 1/1
    33 | D:5      | Reached XP level 2. HP: 25/29 MP: 2/2
    63 | D:5      | Noticed Edmund
    72 | D:5      | Slain by Edmund

Illustrated notes

Levels and vault maps discovered:
D:5:      layout_loops_cross, jmf_multi_god_temple2,
          minmay_temple_entry_proselytizer, serial_shops, nicolae_shop_stone,
          uniq_grinder, uniq_edmund

Skill      XL: | |
---------------+-+-----
Stealth        | |  9.5
Fighting       | |  6.4
Short Blades   | |  4.4
Long Blades    | |  0.3
Axes           | |  0.3
Maces & Flails | |  0.3
Polearms       | |  0.3
Staves         | |  0.3
Slings         | |  0.3
Bows           | |  0.3
Crossbows      | |  0.3
Throwing       | |  0.3
Armour         | |  0.3
Dodging        | |  4.4
Shields        | |  0.3
Unarmed Combat | |  0.3
Spellcasting   | |  0.3
Conjurations   | |  0.2
Hexes          | |  0.2
Summonings     | |  0.2
Necromancy     | |  0.2
Translocations | |  0.2
Transmutations | |  0.2
Fire Magic     | |  0.2
Ice Magic      | |  0.2
Air Magic      | |  0.2
Earth Magic    | |  0.2
Poison Magic   | |  0.2
Invocations    | |  0.4
Evocations     | |  0.3

Action                   || total
-------------------------++-------
Melee: Short sword       ||     8
       Bite              ||     2
 Stab: Sleeping          ||     1
Dodge: Dodged            ||     4
